 Dungeon Crawl Stone Soup version 0.29.0-13-gc9e81de378 (webtiles) character file.

Game seed: 4021137938257269944

1587 concernfroge the Fighter (level 8, 0/72 HPs)
             Began as a Mummy Monk on Sept 8, 2022.
             Was an Initiate of Gozag.
             Killed from afar by a manticore (4 damage)
             ... with a volley of spikes
             ... on level 6 of the Dungeon.
             The game lasted 00:17:39 (6529 turns).

concernfroge the Fighter (Mummy Monk)               Turns: 6529, Time: 00:17:42

Health: 0/72       AC: 11    Str: 16    XL:     8   Next: 61%
Magic:  8/8        EV:  5    Int:  9    God:    Gozag
Gold:   285        SH:  0    Dex: 15    Spells: 7/7 levels left

rFire   x . .      SeeInvis +   g - +2 spear (flame)
rCold   + . .      Faith    .   (no shield)
rNeg    + + +      Spirit   .   h - +0 plate armour
rPois   ∞          Reflect  .   d - +0 helmet
rElec   .          Harm     .   (no cloak)
rCorr   .          Rampage  .   (no gloves)
Will    +....                   (no boots)
Stlth   ..........              (no amulet)
HPRegen 0.22/turn               k - ring of see invisible
MPRegen 0.11/turn               o - ring of flight

@: spiked, flying
A: cold resistance 1, negative energy resistance 3, torment resistance 2, heat
vulnerability 1, in touch with death 1, no potions
a: Renounce Religion, Potion Petition, Call Merchant, Bribe Branch


You were on level 6 of the Dungeon.
You worshipped Gozag.
Gozag was aware of your devotion.
You visited 1 branch of the dungeon, and saw 6 of its levels.

You collected 590 gold pieces.
You spent 165 gold pieces at shops.
You paid 140 gold pieces to Gozag.

Inventory:

Hand Weapons
 g - a +2 spear of flaming (weapon)
Missiles
 q - 3 boomerangs (quivered)
Armour
 d - a +0 helmet (worn)
 h - a +0 plate armour (worn)
Jewellery
 k - a ring of see invisible (left hand)
 o - a ring of flight (right hand)
Wands
 b - a wand of paralysis (1)
 p - a wand of flame (12)
Scrolls
 a - a scroll of vulnerability
 e - a scroll of fear
 f - 2 scrolls of amnesia
 i - a scroll of immolation
 j - a scroll of enchant armour
 l - a scroll of poison


   Skills:
 - Level 10.0 Fighting
 + Level 5.1 Polearms
 - Level 2.4 Dodging
 - Level 1.5 Stealth


You had 7 spell levels left.
You didn't know any spells.
Your spell library contained the following spells:

 Spells                   Type           Power      Damage    Failure   Level
 Shock                    Conj/Air       0%         1d3       100%        1
 Summon Guardian Golem    Hex/Summ       0%         N/A       100%        3
 Swiftness                Air            0%         N/A       100%        3
 Airstrike                Air            0%         2d(0-16)  100%        4
 Orb of Destruction       Conj           0%         9d5       100%        7
 Spellforged Servitor     Conj/Summ      0%         N/A       100%        7


Dungeon Overview and Level Annotations

Branches:
Dungeon (6/15)
 Temple: D:4-7

Altars:
Gozag
Kikubaaqudgha
Okawaru
Ru
Sif Muna
Trog

Shops:
D:5 =

Annotations:
D:2 Sigmund


Innate Abilities, Weirdness & Mutations

You are immune to poison.
Your flesh is cold resistant. (rC+)
You are immune to negative energy. (rN+++)
You are immune to unholy pain and torment.
You are vulnerable to heat. (rF-)
You are in touch with the powers of death.
You do not drink.


Message History

The volley of spikes hits you!
The barbed spikes become lodged in your body.
The barbs in your skin will harm you if you move.
Continue? [Y]es or [N]o only, please.
The barbs in your skin will harm you if you move.
Continue?
The barbed spikes dig painfully into your body as you move.
The manticore flicks its tail.
The volley of spikes hits you!
The barbed spikes become lodged in your body.
There is an open door here.
As you read the scroll of identify, it crumbles to dust.
j - a scroll of enchant armour The orc warrior hits you from afar with a +0 halberd.
The air fills with toxic fumes!
As you read the scroll labelled LEUBOI HOPLO KAAR, it crumbles to dust.
It was a scroll of poison.
The orc warrior hits you from afar with a +0 halberd.
The manticore flicks its tail.
The volley of spikes hits you!
The barbed spikes become lodged in your body.
* * * LOW HITPOINT WARNING * * *
The barbed spikes dig painfully into your body as you move.
* * * LOW HITPOINT WARNING * * *
The manticore flicks its tail.
The volley of spikes hits you!
The barbed spikes become lodged in your body.
* * * LOW HITPOINT WARNING * * *
You reach down and close the door.
The barbed spikes dig painfully into your body as you move.
* * * LOW HITPOINT WARNING * * *
Something unseen opens the door.
As you read the scroll labelled TUM ZOSIXAEM, it crumbles to dust.
You hear a loud clanging noise!
It was a scroll of noise.
You hear a shout! x3; You hear a bark!
You hear a shout!
The manticore flicks its tail.
The volley of spikes hits you.
The barbed spikes become lodged in your body.
You die...
Your body crumbles into a pile of gold.

#............#
#............#
######'#####..
#..........# .
#..........# #.
#####'###.## #..
#..#######+######### ....
#..#§§§§§§§......... .....
#..#§@§§§§§.........
.....o#.o#§§§#####+###....
.....o'.oH§§§# ...
......#.o#§§§# . ###..
##'##### #. .(. .. #....
.. #(.... . #(.....


You could see a manticore, an orc warrior and an orc priest.

Vanquished Creatures
  Prince Ribbit (D:5)
  A hornet (D:5)
  An ice beast (D:6)
  An ogre (D:5)
  2 phantoms
  2 scorpions
  A bullfrog (D:5)
  2 necrophages (D:5)
  3 electric eels (D:5)
  6 hounds
  2 jellies (D:6)
  Jessica (D:3)
  An orc wizard (D:5)
  6 adders
  An ufetubus (D:6)
  4 dart slugs
  12 orcs
  11 ball pythons
  4 bats
  6 endoplasms
  4 giant cockroaches
  5 goblins
  2 hobgoblins
  9 jackals
  4 quokkas
  5 frilled lizards
  4 kobolds
  2 rats
103 creatures vanquished.

Vanquished Creatures (others)
  4 plants (D:5)
4 creatures vanquished.

Grand Total: 107 creatures vanquished

Notes
Turn   | Place    | Note
-------+----------+-------------------------------------------
     0 | D:1      | concernfroge the Mummy Monk began the quest for the Orb.
     0 | D:1      | Reached XP level 1. HP: 18/18 MP: 1/1
   238 | D:1      | Found a faded altar of an unknown god.
   354 | D:1      | Reached XP level 2. HP: 24/24 MP: 2/2
   573 | D:1      | Reached skill level 4 in Fighting
  1008 | D:2      | Gained mutation: You are in touch with the powers of death.
                  | [Mummy growth]
  1008 | D:2      | Reached XP level 3. HP: 30/30 MP: 3/3
  1194 | D:2      | Found an ancient bone altar of Kikubaaqudgha.
  1217 | D:2      | Noticed Sigmund
  1993 | D:3      | You fall into a shaft and drop 1 floor!
  2121 | D:3      | Noticed Jessica
  2139 | D:3      | Killed Jessica
  2140 | D:3      | Reached skill level 5 in Fighting
  2140 | D:3      | Reached XP level 4. HP: 26/39 MP: 4/4
  2491 | D:3      | Found a bloodstained altar of Trog.
  2577 | D:3      | Found a faded altar of an unknown god.
  2581 | D:3      | Found an opulent altar of Gozag.
  2713 | D:4      | Noticed a scorpion
  2718 | D:4      | Killed a scorpion
  2719 | D:4      | Reached skill level 6 in Fighting
  2719 | D:4      | Reached XP level 5. HP: 46/46 MP: 5/5
  3488 | D:3      | Became a worshipper of Gozag Ym Sagoz the Greedy
  3551 | D:5      | Entered Level 5 of the Dungeon
  3561 | D:5      | Reached XP level 6. HP: 53/53 MP: 6/6
  3579 | D:5      | Reached skill level 7 in Fighting
  3806 | D:5      | Noticed a hornet
  3819 | D:5      | Killed a hornet
  3820 | D:5      | Reached skill level 8 in Fighting
  3820 | D:5      | Reached XP level 7. HP: 55/62 MP: 7/7
  4048 | D:5      | Found Yfoziul's Jewellery Boutique.
  4058 | D:5      | Bought a ring of see invisible for 165 gold pieces
  4236 | D:5      | Reached skill level 9 in Fighting
  4379 | D:5      | Noticed Prince Ribbit
  4400 | D:5      | Killed Prince Ribbit
  4401 | D:5      | Reached XP level 8. HP: 43/72 MP: 8/8
  4588 | D:5      | Found an iron altar of Okawaru.
  4657 | D:5      | Reached skill level 10 in Fighting
  5850 | D:5      | Found a shimmering blue altar of Sif Muna.
  5850 | D:5      | Found a sacrificial altar of Ru.
  6092 | D:6      | Reached skill level 5 in Polearms
  6198 | D:6      | Noticed a manticore
  6215 | D:6      | HP: 1/72 [manticore (7)]
  6529 | D:6      | Killed from afar by a manticore

Illustrated notes

Levels and vault maps discovered:
D:1:      dpeg_arrival_simpleton_c, layout_loops_ring,
          shapermc_ecumenical_altar_mp_ritualfount
D:2:      layout_basic, basic_altar, dreamdust_wishing_well,
          kennysheep_flooded_box, uniq_sigmund
D:3:      layout_basic, mainiacjoe_overflow_alcove_2,
          nicolae_overflow_ecumenical_swirl, serial_park_tiny_pond, uniq_jessica
D:4:      layout_loops_ring, nicolae_elyvilon_temple_path
D:5:      cheibrodos_two_vegetables, layout_basic, zin_statuary,
          mainiacjoe_overflow_catwalk, nicolae_overflow_hidden_temple,
          serial_shops, shop, saegor_snake_ambush, uniq_prince_ribbit1
D:6:      layout_gridville, serial_shops, nicolae_shop_hallway_plus,
          roderic_batcave

Skill      XL: |  1  2  3  4  5  6  7  8 |
---------------+-------------------------+-----
Fighting       | 4 5 6 8 9 10 | 10.0
Polearms       | 5 |  5.1
Dodging        | |  2.4
Stealth        | |  1.5

Action                   |  1- 3 |  4- 6 |  7- 9 || total
-------------------------+-------+-------+-------++-------
Melee: Spear             |   188 |   111 |   159 ||   458
       Punch             |     1 |     1 |     2 ||     4
Throw: Dart              |     2 |    12 |    14 ||    28
       Boomerang         |       |       |     4 ||     4
Invok: Potion Petition   |       |       |     1 ||     1
Evoke: Wand              |       |     3 |    11 ||    14
  Use: Scroll            |     3 |     2 |     4 ||     9
 Stab: Sleeping          |     1 |       |       ||     1
       Paralysed         |       |     8 |    11 ||    19
Armor: Robe              |     2 |       |       ||     2
       Ring mail         |    66 |     1 |       ||    67
       Scale mail        |       |    15 |    20 ||    35
       Plate armour      |       |       |    48 ||    48
Dodge: Dodged            |   109 |    30 |    56 ||   195
